[Event "Late-Titled-Tuesday-Blitz-April-30-2024"]
[Site "Chess.com"]
[Date "2024.04.30"]
[Round "7"]
[White "Artem_Koval"]
[Black "pedroholly22"]
[Result "1-0"]
[WhiteElo "2543"]
[BlackElo "2450"]
[TimeControl "180+1"]
[EndTime "15:16:50 PDT"]
[Termination "Artem_Koval won by resignation"]

1. e4 c5 2. d4 cxd4 3. c3 dxc3 4. Nxc3 e6 5. Nf3 Nc6 6. Bc4 a6 7. O-O d6 8. Qe2 e5 9. Rd1 Be7 10. Nd5 Nf6 11. Nxe7 Qxe7 12. Bg5 h6 13. Bxf6 Qxf6 14. Qd2 Bg4 15. Qxd6 Qxd6 16. Rxd6 Bxf3 17. gxf3 Nd4 18. Kg2 O-O 19. f4 Rac8 20. Bd5 Nb5 21. Rd7 exf4 22. Bxb7 Rc2 23. Bxa6 Rxb2 24. a4 Nc3 25. Bb7 Rb8 26. Bd5 Nxd5 27. exd5 Rd2 28. a5 Rbb2 29. Kf3 Rxf2+ 30. Ke4 Ra2 31. Rxa2 Rxa2 32. Ra7 Kf8 33. d6 Ke8 34. Kxf4 Rxh2 35. a6 Ra2 36. Re7+ Kd8 37.
a7 Kc8 38. Rxf7 g5+ 39. Kg4 Ra4+ 40. Kh5 g4 41. a8=Q+ Rxa8 42. Rf8+ Kd7 43. Rxa8 Kxd6 44. Kxg4 1-0

[Event "Late-Titled-Tuesday-Blitz-April-30-2024"]
[Site "Chess.com"]
[Date "2024.04.30"]
[Round "7"]
[White "HATilay"]
[Black "2346PL"]
[Result "0-1"]
[WhiteElo "2641"]
[BlackElo "2492"]
[TimeControl "180+1"]
[EndTime "15:16:51 PDT"]
[Termination "2346PL won by resignation"]

1. e4 e5 2. Nf3 Nf6 3. d4 Nxe4 4. Bd3 d5 5. Nxe5 Nd7 6. Nxd7 Bxd7 7. Nd2 Nxd2 8. Bxd2 Bd6 9. Qh5 Be6 10. O-O g6 11. Qh6 Bf8 12. Qe3 Bg7 13. f4 Qf6 14.
Qe5 O-O 15. Qxf6 Bxf6 16. c3 Bf5 17. Bxf5 gxf5 18. a4 Rfe8 19. Rae1 Re4 20. g3 Rae8 21. Kf2 a6 22. Re3 c6 23. Rfe1 Kf8 24. h3 h5 25.
h4 Ke7 26. b4 Kd7 27. a5 Rxe3 28. Rxe3 Rxe3 29. Bxe3 c5 30. bxc5 Kc6 31. Ke2 Kb5 32. Kd3 Bd8 33. Bc1 Bxa5 34. Bb2 Bd8 35. Bc1 b6 36.
cxb6 Bxb6 37. Bb2 Bc7 38. Bc1 Bd6 39. Kc2 Kc4 40. Bb2 a5 41. Ba1 a4 42. Bb2 a3 43.
Bc1 a2 44. Bb2 Be7 45. Ba1 Ba3 0-1

[Event "Late-Titled-Tuesday-Blitz-April-30-2024"]
[Site "Chess.com"]
[Date "2024.04.30"]
[Round "7"]
[White "mortngabriel"]
[Black "dealshark"]
[Result "0-1"]
[WhiteElo "2492"]
[BlackElo "2317"]
[TimeControl "180+1"]
[EndTime "15:16:52 PDT"]
[Termination "dealshark won by resignation"]

1. e4 c6 2. d4 d5 3. e5 c5 4. Nf3 cxd4 5. Qxd4 Nc6 6. Qf4 e6 7. Bd3 Nb4 8. O-O Nxd3 9. cxd3 Ne7 10. Nc3 Ng6 11. Qg3 Be7 12. Bg5 O-O 13. h4 Bxg5 14. Nxg5 Bd7 15. h5 Nxe5 16. Nxe6 fxe6 17.
Qxe5 Rf5 18. Qe2 Qf6 19. Rad1 Rf8 20. Ne4 dxe4 21. dxe4 Bb5 22. Qe3 Rxh5 23. Rfe1 Qh4 24. f3 Qg3 25. Qb3 Rh2 26. Qc2 Qh4 0-1

[Event "Late-Titled-Tuesday-Blitz-April-30-2024"]
[Site "Chess.com"]
[Date "2024.04.30"]
[Round "7"]
[White "Synctel"]
[Black "duone"]
[Result "0-1"]
[WhiteElo "2036"]
[BlackElo "2416"]
[TimeControl "180+1"]
[EndTime "15:16:55 PDT"]
[Termination "duone won on time"]

1. d4 Nf6 2. Nf3 g6 3. Bf4 Bg7 4. e3 O-O 5. Be2 d5 6. O-O c5 7.
c3 Nc6 8. h3 cxd4 9. exd4 Bf5 10. Nbd2 Ne4 11. Re1 Rc8 12. Nf1 f6 13. Bb5 Re8 14.
Bh2 a6 15. Bxc6 Rxc6 16. Ne3 Be6 17. Nd2 Nxd2 18. Qxd2 Bf7 19. Rad1 b5 20. f4 f5 21. Nc2 a5 22. Re2 Qc7 23. Rde1 Bf6 24. Bg3 Rc8 25. Na3 Qb6 26. Qd3 b4 27. cxb4 Qxd4+ 28. Qxd4 Bxd4+ 29. Kh2 axb4 30. Nb5 Bf6 31. Na7 R6c7 32. Nxc8 Rxc8 33.
Bf2 Rc4 34. Rd2 Rxf4 35. Red1 Rc4 36. Bd4 e5 37. Bf2 d4 38. b3 Rc3 39. Rd3 Rc2 40.
R1d2 Rc3 41. Rxc3 bxc3 42. Rc2 e4 43. Bxd4 Bxd4 44. b4 Bc4 0-1

[Event "Late-Titled-Tuesday-Blitz-April-30-2024"]
[Site "Chess.com"]
[Date "2024.04.30"]
[Round "7"]
[White "penguingm1"]
[Black "Meri-Arabidze"]
[Result "1-0"]
[WhiteElo "2874"]
[BlackElo "2698"]
[TimeControl "180+1"]
[EndTime "15:16:57 PDT"]
[Termination "penguingm1 won by checkmate"]

1. d4 Nf6 2. c4 e6 3. Nc3 Bb4 4. Qc2 O-O 5. Nf3 b6 6. e4 Bb7 7. Bd3 Bxc3+ 8. bxc3 h6 9. e5 Ne8 10. h4 d6 11. Bh7+ Kh8 12. Be4 Bxe4 13. Qxe4 d5 14. Qc2 f5 15. h5 c5 16. Nh4 Rf7 17.
Ng6+ Kg8 18. Nf4 dxc4 19. Nxe6 Qd7 20. Nf4 Nc7 21. dxc5 Nc6 22. cxb6 axb6 23. Ng6 Re8 24. f4 Ne6 25. Be3 b5 26. O-O b4 27. Rad1 Qc7 28. Rd6 Kh7 29. Nh4 Kg8 30. Nxf5 b3 31.
axb3 cxb3 32. Qxb3 Na5 33. Qd5 Rxf5 34. Rxe6 Rxe6 35. Qxe6+ Rf7 36. Bd4 Nc4 37. Ra1 Kh7 38.
Ra8 Qb7 39. Qg6# 1-0

[Event "Late-Titled-Tuesday-Blitz-April-30-2024"]
[Site "Chess.com"]
[Date "2024.04.30"]
[Round "7"]
[White "djano"]
[Black "Supelyel"]
[Result "0-1"]
[WhiteElo "2586"]
[BlackElo "2400"]
[TimeControl "180+1"]
[EndTime "15:16:57 PDT"]
[Termination "Supelyel won by resignation"]

1. Nc3 d6 2. f4 Nd7 3. e4 e5 4.
Nf3 Ngf6 5. Bc4 Be7 6. d3 O-O 7. O-O c6 8. Bb3 b5 9. fxe5 dxe5 10. Kh1 a5 11. a3 Qc7 12. Qe1 Nc5 13. Ba2 Bg4 14. Nh4 b4 15. Ne2 Bxe2 16. Qxe2 Nfxe4 17. Nf5 Nf6 18. Bg5 Rae8 19. axb4 axb4 20. Nxe7+ Qxe7 21. Rxf6 gxf6 22. Bh6 Kh8 23. Bxf8 Rxf8 24. Bc4 Ne6 25. Qf2 Nd4 26. c3 bxc3 27. bxc3 Nb5 28. h3 Rb8 29. Ra6 Qd6 30. Qf3 e4 31. Qxe4 Nxc3 32.
Qe1 Rb1 33. Qxb1 Nxb1 34. Ra7 Nd2 35. Bxf7 Nf1 36. Kg1 Qd4+ 37. Kxf1 Qxa7 0-1

[Event "Late-Titled-Tuesday-Blitz-April-30-2024"]
[Site "Chess.com"]
[Date "2024.04.30"]
[Round "7"]
[White "cristiano78"]
[Black "martinmena"]
[Result "1-0"]
[WhiteElo "2276"]
[BlackElo "2116"]
[TimeControl "180+1"]
[EndTime "15:16:58 PDT"]
[Termination "cristiano78 won on time"]

1. d4 d5 2. c4 e6 3. Nf3 Nf6 4.
Nc3 Be7 5. Bg5 Nbd7 6. e3 O-O 7. Rc1 c5 8. dxc5 Nxc5 9. cxd5 Nxd5 10. Nxd5 Bxg5 11. Rxc5 exd5 12. Rxd5 Bf6 13. Rxd8 Rxd8 14. Qb3 Be6 15. Qa3 Rac8 16. Nd4 Bxd4 17. exd4 Rxd4 18. f3 Rc2 19. Qxa7 Rd5 20. Qxb7 g6 21. Rg1 Rdd2 22. Qb8+ Kg7 23. Qe5+ Kg8 24. Qe3 Rd5 25. Bd3 Rxb2 26. Be4 Re5 27. Qc3 Reb5 28. Rf1 Bxa2 29. Rf2 Bd5 30.
Rxb2 Rxb2 31. Qxb2 Bxe4 32. fxe4 1-0

[Event "Late-Titled-Tuesday-Blitz-April-30-2024"]
[Site "Chess.com"]
[Date "2024.04.30"]
[Round "7"]
[White "VirtualCoach"]
[Black "Big_Finky"]
[Result "1-0"]
[WhiteElo "2074"]
[BlackElo "2246"]
[TimeControl "180+1"]
[EndTime "15:16:58 PDT"]
[Termination "VirtualCoach won on time"]

1. c4 c6 2. Nf3 d5 3. d4 Nf6 4. Nc3 dxc4 5. a4 Bf5 6. e3 e6 7.
Bxc4 Bb4 8. O-O O-O 9. Bd3 Nbd7 10.
e4 Bg4 11. e5 Nd5 12. Ne4 c5 13. Bg5 Qb6 14. Bb5 f5 15. Nd6 Nb8 16. Nc4 Qc7 17.
dxc5 Bxc5 18. Rc1 Nc6 19. h3 Bxf3 20. Qxf3 Nd4 21. Qd3 Nxb5 22. axb5 Qd7 23. Ne3 Bxe3 24. Bxe3 b6 25. Rc6 Rac8 26. Rd6 Qe7 27. Rd1 Rc7 28. h4 Rfc8 29. Bg5 Qe8 30. Qg3 Rc5 31. Bh6 Qf7 32.
Rxe6 f4 33. Qg4 Rc2 34. Rxd5 Rc1+ 35. Kh2 1-0

[Event "Late-Titled-Tuesday-Blitz-April-30-2024"]
[Site "Chess.com"]
[Date "2024.04.30"]
[Round "7"]
[White "oskariot"]
[Black "Shankland"]
[Result "0-1"]
[WhiteElo "2751"]
[BlackElo "2963"]
[TimeControl "180+1"]
[EndTime "15:17:00 PDT"]
[Termination "Shankland won on time"]

1. e4 c5 2. Nf3 d6 3. d4 cxd4 4.
Nxd4 Nf6 5. Nc3 Nc6 6. Bg5 e6 7. Qd2 a6 8. O-O-O Bd7 9. f4 Be7 10. Nf3 b5 11. e5 b4 12. exf6 bxc3 13. Qxc3 gxf6 14. Bh4 Rg8 15. Kb1 a5 16. f5 e5 17.
Bc4 a4 18. Bd5 Rc8 19. Qc4 Kf8 20.
Qe4 Qb6 21. Rd2 a3 22. Bb3 axb2 23. Bf2 Qb4 24. Qd5 Be8 25. Be3 Kg7 26. c3 Qa3 27. Ne1 Qa8 28. Rf1 Na5 29. Qxa8 Rxa8 30. Bd5 Bc6 31. Bxc6 Nxc6 32. Rxb2 Na5 33. Rb4 Rgc8 34. Bd2 Nc4 35. Kc2 Rxa2+ 0-1

[Event "Late-Titled-Tuesday-Blitz-April-30-2024"]
[Site "Chess.com"]
[Date "2024.04.30"]
[Round "7"]
[White "jcmesafischer"]
[Black "HipsterChess22"]
[Result "0-1"]
[WhiteElo "2316"]
[BlackElo "2192"]
[TimeControl "180+1"]
[EndTime "15:17:00 PDT"]
[Termination "HipsterChess22 won by resignation"]

1. e4 c6 2. Nc3 d5 3. Nf3 dxe4 4. Nxe4 Nf6 5. Qe2 Nxe4 6. Qxe4 Nd7 7. Bc4 Nf6 8. Ne5 e6 9. Qe2 b5 10. Bd3 Qc7 11.
c3 Bd6 12. Nxc6 a6 13. Nd4 O-O 14. h3 e5 15. Nb3 e4 16. Bc2 Bb7 17. O-O Bd5 18.
Re1 Rfe8 19. a4 b4 20. Nd4 Bc4 21. Qd1 Bc5 22. b3 Bxd4 23. cxd4 Bd3 24. Bb1 Nd5 25.
Bb2 Nf4 26. d5 Nxd5 27. Bxd3 exd3 28. Qf3 Qc2 29. Bxg7 Kxg7 30. Qxd5 Qxd2 31. Qg5+ Qxg5 0-1

[Event "Late-Titled-Tuesday-Blitz-April-30-2024"]
[Site "Chess.com"]
[Date "2024.04.30"]
[Round "7"]
[White "guillembaches"]
[Black "Kostukov_Alex"]
[Result "1-0"]
[WhiteElo "2567"]
[BlackElo "2375"]
[TimeControl "180+1"]
[EndTime "15:17:04 PDT"]
[Termination "guillembaches won by resignation"]

1. d4 g6 2. Nf3 Bg7 3. c3 d6 4. e4 e5 5. Bd3 Nc6 6. dxe5 dxe5 7. O-O Qe7 8. Bg5 Nf6 9. Nbd2 h6 10. Bh4 O-O 11.
Re1 Rd8 12. Qc2 g5 13. Bg3 Nh5 14. a4 Nf4 15. Bf1 Be6 16. Nc4 Qf6 17. b4 Bxc4 18.
Bxc4 Rd6 19. a5 a6 20. Rad1 Rad8 21. Bf1 Qe7 22. Nd2 Nd3 23. Bxd3 Rxd3 24. Nc4 Rxd1 25. Rxd1 Rxd1+ 26. Qxd1 Qe6 27. Qd5 Bf6 28. Qxe6 fxe6 29.
f3 Kf7 30. Bf2 Ke7 31. Bc5+ Kd7 32. Kf2 h5 33. Ke2 Be7 34. Bf2 Bf6 35. Kd3 Be7 36.
Be1 Bf6 37. h3 h4 38. Bd2 Be7 39. Ne3 Bf6 40. Ng4 Be7 41. Kc4 Kd6 42. Kb3 Kd7 43.
c4 Nd4+ 44. Kc3 b6 45. Nxe5+ Kd6 46. Nf7+ Kd7 47. Kxd4 1-0

[Event "Late-Titled-Tuesday-Blitz-April-30-2024"]
[Site "Chess.com"]
[Date "2024.04.30"]
[Round "7"]
[White "GolfBeforeChess"]
[Black "balack95"]
[Result "1-0"]
[WhiteElo "2333"]
[BlackElo "2495"]
[TimeControl "180+1"]
[EndTime "15:17:05 PDT"]
[Termination "GolfBeforeChess won by resignation"]

1. Nf3 b6 2. e4 Bb7 3. Bd3 Nc6 4. c3 e5 5. Qe2 Nf6 6. O-O Be7 7. Bc2 O-O 8. d4 d6 9. Rd1 exd4 10. cxd4 Re8 11. Nc3 Nb4 12. Bb1 a5 13. a3 Ba6 14. Qe1 Nc6 15. d5 Ne5 16. Nxe5 dxe5 17. f3 Bc5+ 18. Be3 Qd6 19. Qf2 Bxe3 20. Qxe3 Rad8 21. Bd3 Bxd3 22. Rxd3 c5 23. a4 Nh5 24. g3 c4 25. Rd2 Nf6 26. Nb5 Qb8 27. d6 Nd7 28. Rc1 Nc5 29. Rxc4 h5 30. Rd5 h4 31. Qg5 hxg3 32. hxg3 Re6 33.
Kg2 Nd7 34. Nc7 Rg6 35. Qe7 Nc5 36. Rc1 Nxa4 37. Rh1 Rf6 38. Qxe5 Rdxd6 39. Rxd6 Nc5 40. Rxf6 gxf6 41. Qxf6 1-0

[Event "Late-Titled-Tuesday-Blitz-April-30-2024"]
[Site "Chess.com"]
[Date "2024.04.30"]
[Round "7"]
[White "manmanlai1"]
[Black "Hirna2005"]
[Result "1-0"]
[WhiteElo "2550"]
[BlackElo "2367"]
[TimeControl "180+1"]
[EndTime "15:17:09 PDT"]
[Termination "manmanlai1 won by checkmate"]

1. e4 g6 2. d4 Bg7 3. f4 d6 4. Nf3 a6 5. a4 Bg4 6. Be3 Nc6 7. c3 Nf6 8. Nbd2 O-O 9. h3 Bd7 10. Bc4 e6 11. Ba2 Re8 12. O-O Nh5 13. f5 exf5 14.
Ng5 d5 15. Bxd5 Be6 16. Nxe6 fxe6 17. Ba2 Kh8 18. Qf3 Qh4 19. Rae1 Rad8 20. Qf2 Qxf2+ 21.
Rxf2 Bf6 22. Rf3 Bh4 23. Rd1 b5 24. axb5 axb5 25. e5 b4 26. Bc4 Na5 27. Bb5 c6 28. Ba4 Rb8 29. g4 Ng7 30. Bh6 bxc3 31. bxc3 Be7 32.
Rb1 Rxb1+ 33. Nxb1 Rb8 34. Rf1 Rb2 35. Nd2 Bh4 36.
Nf3 Bg3 37. Ra1 Nc4 38. Bxc6 f4 39. Ra8+ Ne8 40. Rxe8# 1-0

[Event "Late-Titled-Tuesday-Blitz-April-30-2024"]
[Site "Chess.com"]
[Date "2024.04.30"]
[Round "7"]
[White "sansanathalia"]
[Black "brother-bear"]
[Result "0-1"]
[WhiteElo "2401"]
[BlackElo "2086"]
[TimeControl "180+1"]
[EndTime "15:17:09 PDT"]
[Termination "brother-bear won on time"]

1. d4 g6 2. e3 Bg7 3. Nf3 Nf6 4. Bd3 O-O 5. O-O c5 6. b3 Nc6 7. Bb2 cxd4 8. exd4 d5 9. Nbd2 Bg4 10. h3 Bxf3 11. Nxf3 Rc8 12. a3 Ne4 13. Qe2 Nd6 14. Rfe1 e6 15.
Rad1 a6 16. c4 Na5 17. c5 Ne8 18. b4 Nc6 19. Bb1 Nc7 20. Qc2 a5 21. Qb3 axb4 22. axb4 Nb5 23. Ne5 Nxe5 24. dxe5 Qc7 25. f4 Qc6 26.
Bd3 Rfd8 27. Qa4 Nc7 0-1

[Event "Late-Titled-Tuesday-Blitz-April-30-2024"]
[Site "Chess.com"]
[Date "2024.04.30"]
[Round "7"]
[White "realburq"]
[Black "BabageldiAnnaberdiyev"]
[Result "0-1"]
[WhiteElo "2376"]
[BlackElo "2596"]
[TimeControl "180+1"]
[EndTime "15:17:10 PDT"]
[Termination "BabageldiAnnaberdiyev won by resignation"]

1. d4 Nf6 2. Nc3 d5 3. Bg5 e6 4. e4 Be7 5. e5 Nfd7 6. h4 h6 7. Bxe7 Qxe7 8. Qd2 a6 9. f4 c5 10. Nf3 Nc6 11. dxc5 Qxc5 12. O-O-O b5 13. Kb1 Nb6 14. Nd4 Nxd4 15. Qxd4 Qxd4 16. Rxd4 Bd7 17. h5 Ke7 18. Rh3 Rac8 19. Rg3 Rhg8 20. Be2 f5 21. Re3 g5 22. hxg6 Rxg6 23. Rh3 Rxg2 24. Rxh6 Rxc3 25. bxc3 Rxe2 26. Rh7+ Kd8 27. Rd1 Rf2 28. Rh4 Na4 29. Rg1 Kc7 30.
Rh7 Rxf4 31. Kc1 Re4 32. Rgg7 Nb6 33. Kb2 Rxe5 34. Re7 Re4 35. Rhf7 Kd6 36. Rh7 f4 37. Ref7 Bc6 38. Ra7 a5 39. Ra6 Nc4+ 40. Kb3 f3 41. Rf7 Ne5 42. Rf8 a4+ 43. Kb2 Re2 44. c4 b4 45. c5+ Kxc5 46. Rc8 Nc4+ 0-1

[Event "Late-Titled-Tuesday-Blitz-April-30-2024"]
[Site "Chess.com"]
[Date "2024.04.30"]
[Round "7"]
[White "Oleg_Papayan"]
[Black "Nemsko"]
[Result "1-0"]
[WhiteElo "2640"]
[BlackElo "2452"]
[TimeControl "180+1"]
[EndTime "15:17:12 PDT"]
[Termination "Oleg_Papayan won by resignation"]

1. e4 c6 2. Nf3 g6 3. Nc3 Bg7 4. d4 d6 5. Be3 Nd7 6. Qd2 Ngf6 7. h4 Ng4 8. Bg5 h6 9. Bf4 e5 10. Bg3 Qb6 11. O-O-O O-O 12. h5 g5 13. dxe5 dxe5 14.
Nxg5 hxg5 15. Qxg5 Nh6 16. Bc4 Qc5 17. Bb3 Nb6 18.
Nd5 cxd5 19. Rxd5 Nxd5 20. Bxd5 Qc7 21. f4 Be6 22. f5 Bxd5 23. f6 Qxc2+ 24. Kxc2 Bxe4+ 25.
Kb3 Bg6 26. hxg6 fxg6 27. fxg7 1-0

[Event "Late-Titled-Tuesday-Blitz-April-30-2024"]
[Site "Chess.com"]
[Date "2024.04.30"]
[Round "7"]
[White "JiangoFett"]
[Black "RandomNoob04"]
[Result "0-1"]
[WhiteElo "2478"]
[BlackElo "2734"]
[TimeControl "180+1"]
[EndTime "15:17:13 PDT"]
[Termination "RandomNoob04 won by resignation"]

1. c4 Nf6 2. Nc3 e6 3. e4 d5 4. cxd5 exd5 5. e5 d4 6. exf6 dxc3 7. Bb5+ c6 8. Qe2+ Be6 9. Bc4 Qxf6 10. dxc3 Be7 11. Bxe6 fxe6 12. Nf3 O-O 13. O-O Nd7 14. Bg5 Qf7 15. Rae1 Nc5 16. b4 Na4 17. Qxe6 Qxe6 18. Rxe6 Bxg5 19. Nxg5 Nxc3 20. Re7 Rab8 21. Rfe1 Nd5 22.
Rd7 Rfd8 23. Rxd8+ Rxd8 24. h4 h6 25. Nf3 Nxb4 26.
Re7 Rb8 27. Ne5 Nxa2 28. h5 Nc3 29. Rd7 Nd5 30. g3 Nf6 31. Rc7 Nxh5 32. Kg2 Nf6 33.
f4 a5 34. g4 a4 35. g5 Nd5 36. Kf3 Nxc7 0-1

[Event "Late-Titled-Tuesday-Blitz-April-30-2024"]
[Site "Chess.com"]
[Date "2024.04.30"]
[Round "7"]
[White "Mischuk_D"]
[Black "dropstoneDP"]
[Result "1/2-1/2"]
[WhiteElo "2823"]
[BlackElo "2997"]
[TimeControl "180+1"]
[EndTime "15:17:15 PDT"]
[Termination "Game drawn by repetition"]

1. d4 d5 2. c4 dxc4 3. Nf3 Nf6 4. e3 e6 5. Bxc4 a6 6. a4 c5 7. O-O cxd4 8. exd4 Nc6 9. Nc3 Be7 10. d5 exd5 11. Nxd5 Nxd5 12. Bxd5 O-O 13. Bxc6 bxc6 14. Bf4 Bf6 15.
Be5 Bg4 16. Qxd8 Rfxd8 17. Bxf6 gxf6 18. Rac1 Bxf3 19. gxf3 Rd6 20. Rc4 a5 21. Rfc1 Rb8 22. Rxc6 Rxc6 23. Rxc6 Rb4 24. b3 Rxb3 25. Rc5 Rxf3 26.
Rxa5 Ra3 27. Kg2 Kg7 28. f3 f5 29. Kg3 Kg6 30. h4 h5 31. Kf4 f6 32. Ra8 Rb3 33. a5 Rb4+ 34. Kg3 f4+ 35. Kf2 Rb2+ 36. Ke1 Rb3 37. a6 Ra3 38. a7 Kg7 39. Kd2 Ra5 40. Kd3 Ra4 41. Kc3 Ra1 42. Kb4 Ra2 43. Kc5 Ra1 44. Kc6 Ra2 45. Kd6 Ra1 46. Ke6 Ra5 47.
Kd6 Ra1 48. Kd5 Ra4 49. Ke6 Ra5 50. Kd6 Ra1 1/2-1/2

[Event "Late-Titled-Tuesday-Blitz-April-30-2024"]
[Site "Chess.com"]
[Date "2024.04.30"]
[Round "7"]
[White "Ditman2007"]
[Black "kylelancman"]
[Result "1-0"]
[WhiteElo "2676"]
[BlackElo "2506"]
[TimeControl "180+1"]
[EndTime "15:17:15 PDT"]
[Termination "Ditman2007 won by checkmate"]

1. e4 c5 2. Nf3 g6 3. d4 cxd4 4.
Nxd4 Nc6 5. c4 Nf6 6. Nc3 d6 7. Be2 Nxd4 8. Qxd4 Bg7 9. Be3 O-O 10. Qd2 a5 11. O-O a4 12. Rab1 Qa5 13. f3 Be6 14.
Nd5 Nxd5 15. Qxa5 Rxa5 16. cxd5 Bd7 17. Rfc1 Rc8 18. Rxc8+ Bxc8 19. Rc1 Ra8 20. b4 axb3 21. axb3 e6 22. Rc7 exd5 23. exd5 Bf6 24. g3 Bd8 25. Rc2 Bf5 26. Rc1 h5 27. h4 Ra3 28. Bc4 b5 29. Bd3 Rxb3 30. Bxf5 Rxe3 31. Rc8 gxf5 32. Rxd8+ Kg7 33.
Kf2 Rd3 34. Rxd6 f4 35. gxf4 b4 36. Ke2 Rd4 37. Ke3 Rd1 38. Ke4 Re1+ 39. Kf5 Rd1 40. Kg5 b3 41. Rb6 Rxd5+ 42. f5 Rd3 43. f6+ Kh7 44. f4 Rg3+ 45. Kxh5 Rg6 46. f5 Rg3 47. Rb7 Kg8 48. Kh6 Kh8 49. Rxf7 Rg4 50. h5 Rg8 51. Rh7# 1-0

[Event "Late-Titled-Tuesday-Blitz-April-30-2024"]
[Site "Chess.com"]
[Date "2024.04.30"]
[Round "7"]
[White "ameetghasi100"]
[Black "Statham_01"]
[Result "0-1"]
[WhiteElo "2800"]
[BlackElo "2620"]
[TimeControl "180+1"]
[EndTime "15:17:16 PDT"]
[Termination "Statham_01 won by checkmate"]

1. b3 e5 2. Bb2 Nc6 3. e3 d5 4.
Bb5 Ne7 5. Bxe5 a6 6. Bxc6+ Nxc6 7. Bg3 h5 8. h4 Bd6 9. Ne2 Bg4 10. f3 Bxg3+ 11. Nxg3 Qd6 12. Kf2 O-O-O 13. d4 Be6 14.
Nd2 f6 15. Ne2 g5 16. c4 Rhg8 17. hxg5 Rxg5 18. c5 Qe7 19. Nf4 Bf5 20. Nf1 Rdg8 21.
g3 Qg7 22. Rxh5 Nb4 23. g4 Bxg4 24. fxg4 Rxg4 25. Qf3 Rxf4 26. exf4 Qg1+ 27. Ke2 Rg2+ 28. Kd1 Qxd4+ 29. Ke1 Nc2# 0-1

[Event "Late-Titled-Tuesday-Blitz-April-30-2024"]
[Site "Chess.com"]
[Date "2024.04.30"]
[Round "7"]
[White "Mugiwara2b"]
[Black "nicolasbatista3"]
[Result "0-1"]
[WhiteElo "2590"]
[BlackElo "2446"]
[TimeControl "180+1"]
[EndTime "15:17:17 PDT"]
[Termination "nicolasbatista3 won by checkmate"]

1. e4 c6 2. d4 d5 3. exd5 cxd5 4. c4 Nf6 5. Nf3 g6 6. Nc3 Bg7 7. cxd5 O-O 8. Bc4 b6 9. O-O Bb7 10. Re1 Na6 11. Bg5 Nc7 12. Rc1 Re8 13. Ne5 Ncxd5 14.
Bxf6 exf6 15. Nxf7 Rxe1+ 16. Qxe1 Kxf7 17. Qe4 Rc8 18.
Bb3 Kf8 19. Re1 Nxc3 20. Qxb7 Ne2+ 21. Kf1 Rc7 22. Qa6 Nxd4 23. Rd1 f5 24. Qd3 Bf6 25. Qh3 Kg7 26. Qg3 Qd7 27. h4 Qb5+ 28. Kg1 Ne2+ 29. Kh2 Nxg3 30. h5 Nxh5 31. Re1 Be5+ 32. g3 f4 33. g4 f3+ 34. Kh1 Nf4 35. Bd1 Ne2 36. Bxe2 fxe2 37. f4 Bxf4 38. a4 Qd3 39. b4 Qd1 40.
Kg2 Qxe1 41. g5 Qf1# 0-1

[Event "Late-Titled-Tuesday-Blitz-April-30-2024"]
[Site "Chess.com"]
[Date "2024.04.30"]
[Round "7"]
[White "grandmastergauri"]
[Black "stasOR4ik"]
[Result "1-0"]
[WhiteElo "2737"]
[BlackElo "2483"]
[TimeControl "180+1"]
[EndTime "15:17:19 PDT"]
[Termination "grandmastergauri won by checkmate"]

1. d4 e6 2. c4 d5 3. Nf3 Nf6 4. g3 Nbd7 5. Bg2 c6 6. O-O Ne4 7. Qc2 f5 8. b3 Be7 9. Ba3 O-O 10.
Bxe7 Qxe7 11. Nbd2 g5 12. e3 g4 13. Ne1 h5 14.
Nd3 h4 15. Nf4 Rf6 16. Nxe4 dxe4 17. Rfd1 Rh6 18. b4 Qxb4 19. d5 e5 20. Ne6 c5 21.
Rab1 Qa5 22. Rb5 Qa3 23. Bf1 Rb8 24. Rdb1 hxg3 25. hxg3 Qa6 26. Qc3 b6 27. Nxc5 Nxc5 28. Rxc5 Qxa2 29. Ra1 Rh1+ 30. Kxh1 Qxf2 31. Qxe5 bxc5 32.
Qxb8 Qxe3 33. Qxc8+ Kf7 34. Rxa7+ Kf6 35. Qe6+ Kg5 36.
Rg7+ Kh5 37. Qg6# 1-0

[Event "Late-Titled-Tuesday-Blitz-April-30-2024"]
[Site "Chess.com"]
[Date "2024.04.30"]
[Round "7"]
[White "Attacker_2006"]
[Black "KogotBobra17"]
[Result "0-1"]
[WhiteElo "2514"]
[BlackElo "2776"]
[TimeControl "180+1"]
[EndTime "15:17:20 PDT"]
[Termination "KogotBobra17 won on time"]

1. e4 c5 2. Nc3 Nc6 3. f4 g6 4. Nf3 Bg7 5. Bc4 e6 6. f5 Nge7 7. fxe6 fxe6 8. d3 O-O 9. O-O d5 10. exd5 exd5 11. Bb3 Kh8 12. Bg5 h6 13. Bh4 g5 14.
Bf2 b6 15. Nxg5 hxg5 16. Qh5+ Kg8 17. Rae1 Rf5 18. Nxd5 Rxd5 19. Bxd5+ Qxd5 20. Qe8+ Kh7 21. Qh5+ Kg8 22. Qe8+ Kh7 23. Qh5+ Bh6 24. Be3 Bf5 25. Bxg5 Qd4+ 26. Kh1 Qg7 0-1

[Event "Late-Titled-Tuesday-Blitz-April-30-2024"]
[Site "Chess.com"]
[Date "2024.04.30"]
[Round "7"]
[White "georgpapi"]
[Black "WPWPWP-2015"]
[Result "1-0"]
[WhiteElo "2389"]
[BlackElo "2468"]
[TimeControl "180+1"]
[EndTime "15:17:20 PDT"]
[Termination "georgpapi won by checkmate"]

1. d4 d5 2. c4 e6 3. Nf3 Nf6 4.
g3 Bb4+ 5. Bd2 Be7 6. Bg2 O-O 7. O-O dxc4 8. Qc2 a6 9. Qxc4 b5 10. Qc2 Bb7 11. Bf4 Nc6 12. Rd1 Nb4 13. Qc1 Nbd5 14. Ne5 Rc8 15. Nc3 Nxc3 16. bxc3 Bxg2 17. Kxg2 Qd5+ 18.
Kg1 c5 19. Qa3 Qb7 20. Qb3 Nd5 21. Bd2 f6 22. Nf3 c4 23. Qc2 f5 24. a4 Nf6 25.
axb5 axb5 26. Ne5 Bd6 27. Bf4 Nd5 28. Rdb1 Bxe5 29. Bxe5 f4 30. Ra5 b4 31. cxb4 c3 32. Rc5 Nxb4 33. Qxc3 Nd5 34. Rxb7 Nxc3 35. Rxg7+ Kh8 36.
Rgc7+ Kg8 37. Rg7+ Kh8 38. Rg5+ Rf6 39. Bxf6# 1-0

[Event "Late-Titled-Tuesday-Blitz-April-30-2024"]
[Site "Chess.com"]
[Date "2024.04.30"]
[Round "7"]
[White "traack"]
[Black "MiguelBestard1981"]
[Result "0-1"]
[WhiteElo "2415"]
[BlackElo "2164"]
[TimeControl "180+1"]
[EndTime "15:17:21 PDT"]
[Termination "MiguelBestard1981 won by resignation"]

1. e4 e5 2. Nf3 Nf6 3. Nc3 Nc6 4. g3 h6 5. Bg2 a6 6. O-O Bc5 7. d3 d6 8. h3 Be6 9. Kh2 Qd7 10. Nd2 g5 11. Nb3 Ba7 12. f4 exf4 13. gxf4 gxf4 14. Bxf4 O-O-O 15. Bg3 Nh7 16. Nd5 Rdg8 17.
Qh5 Rg5 18. Qxh6 Rhg8 19. Rf3 Ne5 20. Qxh7 Nxf3+ 21. Bxf3 Rxg3 22. Nf6 Rxf3 23. Qxg8+ Qd8 24. Qxd8+ Kxd8 25. Ng4 Bxg4 26. hxg4 Rf2+ 27. Kg3 Rxc2 28. Rf1 Ke8 29. g5 Rxb2 30. Na5 Rb5 31. Nc4 Rxg5+ 32. Kf4 Rg2 33. Rh1 Rxa2 34. Rh8+ Kd7 35. Ra8 Bd4 36.
Rf8 f6 37. Rf7+ Kc6 38. Kf5 b5 39. Ke6 bxc4 40. dxc4 0-1

[Event "Late-Titled-Tuesday-Blitz-April-30-2024"]
[Site "Chess.com"]
[Date "2024.04.30"]
[Round "7"]
[White "QuintilianoR"]
[Black "PenguinPacks"]
[Result "0-1"]
[WhiteElo "2705"]
[BlackElo "2482"]
[TimeControl "180+1"]
[EndTime "15:17:22 PDT"]
[Termination "PenguinPacks won on time"]

1. e4 c5 2. Nf3 d6 3. d4 cxd4 4.
Qxd4 Nc6 5. Qe3 Nf6 6. Be2 g6 7. O-O Bg7 8. c4 O-O 9. Nc3 h6 10.
h3 Be6 11. Rb1 Rc8 12. b3 Nd7 13. Bb2 Qa5 14. Nd5 Bxd5 15. exd5 Nce5 16. Nxe5 dxe5 17. a3 Rfd8 18. b4 Qa4 19. Bd1 Qa6 20. Bb3 Nb6 21. Bxe5 Nxc4 22. Bxc4 Qxc4 23. Bxg7 Kxg7 24. Qxe7 Qxd5 25.
Qe3 a6 26. Rfe1 Rc2 27. Qf4 Rd6 28. Re5 Qd2 29. Qxd2 Rdxd2 30. Rf1 Kf6 31. Re3 Ra2 32. Rf3+ Kg7 33. Re1 Rd7 34. Re4 g5 0-1